 Dungeon Crawl Stone Soup version 0.31-a0-229-g1fc7ce93e2 (webtiles) character file.

Game seed: 8865028138991145749

180 qw the Shooter (level 5, -4/45 HPs)
             Began as a Minotaur Hexslinger on July 6, 2023.
             Slain by a water moccasin (5 damage)
             ... on level 3 of the Dungeon.
             The game lasted 00:00:50 (1781 turns).

qw the Shooter (Minotaur Hexslinger)                Turns: 1781, Time: 00:00:50

Health: -4/45      AC: 10    Str: 13    XL:     5   Next: 33%
Magic:  5/5        EV: 11    Int: 10    God:
Gold:   211        SH:  0    Dex: 14    Spells: 5/6 levels left

rFire   . . .        Y - +1 sling
rCold   . . .        (no shield)
rNeg    . . .        g - +0 ring mail
rPois   .            (helmet restricted)
rElec   .            i - +0 cloak
rCorr   .            (no gloves)
SInv    .            a - +3 pair of seven-league boots {Rampage+∞}
Will    .....        (no amulet)
Stlth   +            (no ring)
HPRegen 0.27/turn    (no ring)
MPRegen 0.09/turn

%: rampage+inf
@: no status effects
A: horns 2, retaliatory headbutt
a: no special abilities


You were on level 3 of the Dungeon.
You visited 1 branch of the dungeon, and saw 3 of its levels.

You collected 211 gold pieces.


Innate Abilities, Weirdness & Mutations

You have a pair of horns on your head.
You reflexively headbutt those who attack you in melee.


   Skills:
 - Level 3.0 Fighting
 + Level 5.5 Ranged Weapons
 - Level 1.0 Armour
 - Level 2.1 Dodging
 - Level 1.0 Spellcasting
 - Level 2.0 Hexes


You had 5 spell levels left.
You knew the following spells:

 Your Spells              Type           Power      Damage    Failure   Level
a - Slow                  Hex            16%        N/A       32%         1

Your spell library contained the following spells:

 Spells                   Type           Power      Damage    Failure   Level
 Inner Flame              Hex/Fire       2%         N/A       82%         3
 Portal Projectile        Hex/Tloc       4%         N/A       82%         3
 Cause Fear               Hex            2%         N/A       97%         4

Inventory:

Hand Weapons
 Y - a +1 sling (weapon)
Armour
 a - the +3 pair of seven-league boots (worn) {Rampage+∞}
   (You acquired it on level 1 of the Dungeon)

   Rampage+∞: When moving toward enemies, its wearer moves as far as possible,
   alerting their target en route.
 g - a +0 ring mail (worn)
 i - a +0 cloak (worn)
Potions
 c - a potion of might {unknown}
 d - a potion of heal wounds {unknown}
 h - a potion of berserk rage

Dungeon Overview and Level Annotations

Branches:
Dungeon (3/15)

Altars:

Shops:
D:1 ?   D:3 (


Message History

You shoot a sling bullet.
The sling bullet hits the water moccasin.
The water moccasin is almost dead.
You feel very sick. The water moccasin bites you.
The water moccasin bites you but does no damage.
You shoot a sling bullet.
The sling bullet hits the water moccasin.
The water moccasin is almost dead.
You feel very sick.
The water moccasin bites you but does no damage.
You shoot a sling bullet.
The sling bullet barely misses the water moccasin.
You feel very sick. The water moccasin barely misses you.
The water moccasin closely misses you.
You shoot a sling bullet.
The sling bullet hits the water moccasin but does no damage.
The water moccasin is almost dead.
You feel sick.
The water moccasin bites you but does no damage. x2
You shoot a sling bullet.
The sling bullet closely misses the water moccasin.
You feel sick. The water moccasin barely misses you.
You shoot a sling bullet.
The sling bullet hits the water moccasin but does no damage.
The water moccasin is almost dead.
You feel sick.
The water moccasin bites you but does no damage. x2
You shoot a sling bullet.
The sling bullet hits the water moccasin but does no damage.
The water moccasin is almost dead.
You feel sick.
The water moccasin bites you but does no damage.
The water moccasin misses you.
You shoot a sling bullet.
The sling bullet closely misses the water moccasin.
You feel sick.
You are no longer poisoned.
The water moccasin bites you.
You die...

#############
......S@....# ####
............# ...#
............# ...#
............#
...#####
...#........####.#.
........
..#................
...##### #
###.......####.#.
...# .........#
...# ##..######


You could see a water moccasin.

Vanquished Creatures
  2 orc priests (D:3)
  2 orc wizards (D:3)
  An adder (D:2)
  A dart slug (D:3)
  8 orcs (D:3)
  3 ball pythons
  4 bats
  6 endoplasms
  4 hobgoblins
  8 jackals
  5 kobolds
  2 quokkas (D:1)
  4 rats
50 creatures vanquished.

Vanquished Creatures (others)
  An orc wizard (D:3)
1 creature vanquished.

Grand Total: 51 creatures vanquished

Notes
Turn   | Place    | Note
-------+----------+-------------------------------------------
     0 | D:1      | qw the Minotaur Hexslinger began the quest for the Orb.
     0 | D:1      | Reached XP level 1. HP: 16/16 MP: 1/1
     0 | D:1      | 0 ||| qw: Version: 0.3-a-46-gb1f654a
     0 | D:1      | 0 ||| qw: Game counter: 1531
     0 | D:1      | 0 ||| qw: Melee chars always use a shield: true
     0 | D:1      | 0 ||| qw: God list: Okawaru
     0 | D:1      | 0 ||| qw: Allow faded altars: false
     0 | D:1      | 0 ||| qw: Do Orc after clearing Dungeon:15 true
     0 | D:1      | 0 ||| qw: Do second Lair branch before Depths: true
     0 | D:1      | 0 ||| qw: Lair rune preference: random
     0 | D:1      | 0 ||| qw: Goals: Normal
     0 | D:1      | 0 ||| PLANNING D:1-11
    67 | D:1      | Found Giny's Magic Scroll Shop.
    77 | D:1      | 77 ||| SHOPLISTING scroll of identify (28 gold, have 0).
   137 | D:1      | Reached skill level 3 in Ranged Weapons
   138 | D:1      | Reached XP level 2. HP: 23/23 MP: 2/2
   545 | D:1      | 545 ||| UPGRADING to +0 ring mail.
   555 | D:1      | 555 ||| DROPPING +0 robe.
   556 | D:1      | 556 ||| UPGRADING to +0 cloak.
   561 | D:1      | 561 ||| READING scroll labelled YXE EPOMNA.
   606 | D:1      | 606 ||| READING 2 scrolls labelled ESYSOC EGOMA.
   607 | D:1      | 607 ||| READING scroll labelled WIUB WONYT.
   607 | D:1      | Identified a scroll of acquirement
   607 | D:1      | 607 ||| ACQUIRING +3 pair of seven-league boots {Rampage+∞}
   607 | D:1      | Acquired the +3 pair of seven-league boots {Rampage+∞}
   607 | D:1      | Found the +3 pair of seven-league boots {Rampage+∞}
   609 | D:1      | 609 ||| UPGRADING to +3 pair of seven-league boots
                  | {Rampage+∞}.
   614 | D:1      | 614 ||| DROPPING scroll of poison.
   615 | D:1      | 615 ||| DROPPING scroll of noise.
   807 | D:2      | Reached skill level 1 in Armour
  1025 | D:2      | Reached XP level 3. HP: 28/29 MP: 3/3
  1028 | D:2      | 1028 ||| READING 2 scrolls labelled AGUITE SEFREK.
  1031 | D:2      | 1031 ||| READING scroll labelled QYVAVEAMUKH.
  1032 | D:2      | 1032 ||| DRINKING 2 fuming grey potions.
  1104 | D:3      | Reached skill level 4 in Ranged Weapons
  1116 | D:3      | 1116 ||| FLEEEEING.
  1195 | D:3      | Reached XP level 4. HP: 33/36 MP: 4/4
  1206 | D:3      | Found Voanohiukk's Weapon Boutique.
  1427 | D:3      | Reached skill level 5 in Ranged Weapons
  1435 | D:3      | Reached XP level 5. HP: 13/44 MP: 5/5
  1443 | D:3      | 1443 ||| FLEEEEING.
  1444 | D:3      | 1444 ||| FLEEEEING.
  1445 | D:3      | 1445 ||| FLEEEEING.
  1446 | D:3      | 1446 ||| FLEEEEING.
  1590 | D:3      | Reached skill level 3 in Fighting
  1610 | D:3      | HP: 11/45 [poisoned by an orc]
  1611 | D:3      | 1611 ||| READING scroll of teleportation.
  1612 | D:3      | HP: 3/45 [poisoned by an orc]
  1613 | D:3      | HP: 1/45 [poisoned by an orc]
  1614 | D:3      | 1614 ||| DRINKING potion of curing.
  1614 | D:3      | 1614 ||| (to cure poison)
  1763 | D:3      | Noticed a water moccasin
  1775 | D:3      | HP: 9/45 [poisoned by a water moccasin]
  1778 | D:3      | HP: 4/45 [poisoned by a water moccasin]
  1781 | D:3      | HP: 1/45 [poisoned by a water moccasin]
  1781 | D:3      | Slain by a water moccasin

Levels and vault maps discovered:
D:1:      heliophobic_arrival_enchanted_forest, layout_basic, serial_shops,
          shop_scrolls, grunt_decor_mini_mirrors
D:2:      layout_rooms
D:3:      layout_basic, shapermc_ecumenical_altar_venn, serial_shops,
          nicolae_shop_waterfront, minmay_misc_feat_square

Skill      XL: |  1  2  3  4  5 |
---------------+----------------+-----
Ranged Weapons | 3 4 5 |  5.5
Fighting       | 2 3 |  3.0
Armour         | 1 |  1.0
Dodging        | |  2.1
Spellcasting   | |  1.0
Hexes          | |  2.0

Action                     |  1- 3 |  4- 6 || total
---------------------------+-------+-------++-------
   Fire: Sling             |   100 |    96 ||   196
    Use: Scroll            |     5 |     1 ||     6
         Potion            |     1 |     1 ||     2
 Armour: Ring mail         |    12 |    33 ||    45
         Robe              |     3 |       ||     3
  Dodge: Dodged            |    31 |    39 ||    70

Table legend:
 A = Non-vault XP
 B = Vault XP
 C = Vault XP percentage of total XP
 D = Non-vault monster count
 E = Vault monster count
 F = Vault count percentage of total count
                 A         B        C        D         E       F
            +---------+---------+-------+---------+---------+-------
      Total |     258 |       0 |   0.0 |      50 |       0 |   0.0
            +---------+---------+-------+---------+---------+-------
        D:1 |      31 |       0 |   0.0 |      17 |       0 |   0.0
        D:2 |      22 |       0 |   0.0 |       7 |       0 |   0.0
        D:3 |     205 |       0 |   0.0 |      26 |       0 |   0.0
            +---------+---------+-------+---------+---------+-------
